 Dungeon Crawl Stone Soup version 0.30-a0-1114-gd936c97349 (webtiles) character file.

Game seed: 1146622387577069330

135 themarg the Caller (level 5, -2/35 HPs)
             Began as a Merfolk Summoner on Apr 20, 2023.
             Slain by a sky beast (5 damage)
             ... on level 3 of the Dungeon.
             The game lasted 00:07:35 (2603 turns).

themarg the Caller (Merfolk Summoner)               Turns: 2603, Time: 00:07:35

Health: -2/35      AC:  3    Str:  9    XL:     5   Next: 18%
Magic:  0/8        EV: 12    Int: 16    God:
Gold:   144        SH:  0    Dex: 14    Spells: 2/8 levels left

rFire   . . .      SeeInvis .    p - +4 spear
rCold   . . .      Faith    .    (no shield)
rNeg    . . .      Spirit   .    a - +0 robe
rPois   .          Reflect  .    (no helmet)
rElec   .          Rampage  .    (no cloak)
rCorr   .                        h - +0 pair of gloves
Will    .....                    (no boots)
Stlth   ++                       (no amulet)
HPRegen 0.25/turn                (no ring)
MPRegen 0.11/turn                (no ring)

@: no status effects
A: (nimble swimmer 2), mertail
a: no special abilities


You were on level 3 of the Dungeon.
You visited 1 branch of the dungeon, and saw 3 of its levels.

You collected 144 gold pieces.

Inventory:

Hand Weapons
 p - a +4 spear (weapon)
 r - the +4 falchion "Huupt" {flame, Str+4 Int-4}
   (You found it on level 3 of the Dungeon)

   Str:       It affects your strength (+4).
   Int:       It affects your intelligence (-4).
Missiles
 d - 21 stones
 f - 3 boomerangs
Armour
 a - a +0 robe (worn)
 h - a +0 pair of gloves (worn)
Jewellery
 q - an amulet of the acrobat
Scrolls
 g - a scroll of fear {unknown}
 j - a scroll of enchant armour {unknown}
 k - 4 scrolls of identify {unknown}
 l - 2 scrolls of teleportation {unknown}
 m - a scroll of noise {unknown}
 n - a scroll of fog {unknown}
 o - a scroll of enchant weapon {unknown}
 s - a scroll of vulnerability {unknown}
Potions
 b - a potion of magic
 c - 4 potions of curing {unknown}
 e - a potion of ambrosia {unknown}
 i - 2 potions of heal wounds {unknown}


   Skills:
 - Level 2.6 Dodging
 - Level 3.0 Stealth
 - Level 2.0 Spellcasting
 + Level 6.1 Summonings


You had 2 spell levels left.
You knew the following spells:

 Your Spells              Type           Power      Damage    Failure   Level
a - Summon Small Mammal   Summ           84%        N/A       1%          1
b - Call Imp              Summ           42%        N/A       2%          2
c - Call Canine Familiar  Summ           21%        N/A       4%          3

Your spell library contained the following spells:

 Spells                   Type           Power      Damage    Failure   Level
 Cigotuvi's Dreadful Rot  Necr/Pois/Air  2%         N/A       30%         2
 Summon Guardian Golem    Hex/Summ       11%        N/A       19%         3
 Summon Lightning Spire   Summ/Air       11%        N/A       52%         4
 Dispel Undead            Necr           1%         3d6       90%         4
 Alistair's Intoxication  Tmut/Pois      0%         N/A       99%         5
 Borgnjor's Vile Clutch   Necr/Erth      0%         N/A       99%         5
 Death Channel            Necr           0%         N/A       100%        6
 Eringya's Noxious Bog    Tmut/Pois      0%         N/A       100%        6


Dungeon Overview and Level Annotations

Branches:
Dungeon (3/15)

Altars:
Wu Jian


Innate Abilities, Weirdness & Mutations

((You are very nimble when in or above water. (Stealth+, EV+, Speed+++)))
Your lower body shifts to a powerful aquatic tail in water.


Message History

Aim: a sky beast (moderately wounded, ally target, about 44% to evade your +4 spear)
You reach to attack!
You miss the sky beast.
The sky beast is moderately wounded.
Your bat closely misses the sky beast.
You closely miss the sky beast.
The sky beast is moderately wounded.
Your bat hits the sky beast. The sky beast misses you.
You hit the sky beast but do no damage.
The sky beast is moderately wounded.
Your bat misses the sky beast. x2; The sky beast hits you.
The sky beast shocks you.
Your bat misses the sky beast. You hit the sky beast.
The sky beast is moderately wounded.
Your bat barely misses the sky beast.
The sky beast hits you. The sky beast shocks you.
You hit the sky beast.
The sky beast is heavily wounded.
Your bat hits the sky beast but does no damage.
The sky beast closely misses you.
You hit the sky beast.
The sky beast is severely wounded.
Your bat closely misses the sky beast.
The sky beast closely misses you.
Your bat hits the sky beast but does no damage.
The sky beast hits you. The sky beast shocks you.
You hit the sky beast.
The sky beast is almost dead.
Your bat hits the sky beast but does no damage. x3
Your bat misses the sky beast.
The sky beast flickers out of sight!
Deactivating autopickup; reactivate with Ctrl-A.
Something hits your bat.
Your bat dies!
Your bat's corpse disappears in a puff of smoke!
You hit something. Something hits you.
* * * LOW HITPOINT WARNING * * *
Something shocks you.
* * * LOW HITPOINT WARNING * * *
Something hits you.
* * * LOW HITPOINT WARNING * * *
Something shocks you.
You die...

### .. ... #.#
#.# .. #.#
#.##.# #..#.#
#.#.# #..{#
##.@####### .
#...h.....
....###.########
..............#
....#####.###.#
.. #..##.#
##.##.# #.##.#
#.##.#


You could see a friendly hound (summoned).

Vanquished Creatures
  A gnoll (D:2)
  2 worms (D:2)
  2 orcs (D:2)
  A ball python (D:1)
  2 bats
  3 giant cockroaches
  2 goblins
  2 hobgoblins
  A frilled lizard (D:2)
  A rat (D:3)
17 creatures vanquished.

Vanquished Creatures (collateral kills)
  3 gnolls (D:2)
  An adder (D:2)
  4 dart slugs
  3 orcs (D:2)
  4 endoplasms
  A giant cockroach (D:1)
  A hobgoblin (D:1)
  7 jackals (D:2)
  2 quokkas
  7 ball pythons
  3 bats
  3 frilled lizards
  4 goblins
  3 kobolds
  3 rats
49 creatures vanquished.

Grand Total: 66 creatures vanquished

Notes
Turn   | Place    | Note
-------+----------+-------------------------------------------
     0 | D:1      | themarg the Merfolk Summoner began the quest for the Orb.
     0 | D:1      | Reached XP level 1. HP: 13/13 MP: 3/3
   227 | D:1      | Reached XP level 2. HP: 18/19 MP: 1/5
   230 | D:1      | Learned a level 2 spell: Call Imp
   750 | D:1      | Reached XP level 3. HP: 24/24 MP: 1/6
   755 | D:1      | Learned a level 3 spell: Call Canine Familiar
  1226 | D:2      | Reached skill level 5 in Summonings
  1401 | D:2      | Found an ornate altar of the Wu Jian Council.
  1503 | D:2      | Reached XP level 4. HP: 20/30 MP: 3/7
  1664 | D:2      | Found a faded altar of an unknown god.
  2025 | D:2      | Reached XP level 5. HP: 33/35 MP: 2/8
  2169 | D:2      | Reached skill level 6 in Summonings
  2496 | D:3      | Identified the +4 falchion "Huupt" {flame, Str+4 Int-4}
  2577 | D:3      | Noticed a sky beast
  2603 | D:3      | Slain by a sky beast

Illustrated notes

Levels and vault maps discovered:
D:1:      moated_graveyard_arrival, layout_rooms, kennysheep_minor_cross
D:2:      minmay_evil_eye, layout_loops_ring,
          hellmonk_ecumenical_altar_lost_god, basic_altar
D:3:      layout_basic, general_overflow_altar

Skill      XL: |  1  2  3  4  5 |
---------------+----------------+-----
Stealth        | 3 |  3.0
Summonings     | 5 6 |  6.1
Dodging        | |  2.6
Spellcasting   | |  2.0

Action                     |  1- 3 |  4- 6 || total
---------------------------+-------+-------++-------
  Melee: Dagger            |    67 |     1 ||    68
         Unarmed           |     2 |       ||     2
         Punch             |     1 |       ||     1
         Spear             |       |    41 ||    41
   Cast: Summon Small Mamm |    44 |    11 ||    55
         Call Imp          |    12 |     5 ||    17
         Call Canine Famil |     2 |     7 ||     9
   Stab: Distracted        |     3 |     2 ||     5
 Armour: Robe              |    26 |     2 ||    28
  Dodge: Dodged            |    69 |    14 ||    83

Table legend: (Time is in decaauts)
 A = Elapsed time spent in this place.
 B = Non-inter-level travel time spent in this place.
 C = Inter-level travel time spent in this place.
 D = Time resting spent in this place.
 E = Time spent auto-exploring this place.
 F = Levels seen in this place.
 G = Mean time per level.
                   A        B        C        D        E       F      G
               +--------+--------+--------+--------+--------+-----+--------+
         Total |   2605 |   2544 |     61 |      0 |   1996 |   3 |  868.3 |
       Dungeon |   2605 |   2544 |     61 |      0 |   1996 |   3 |  868.3 |
               +--------+--------+--------+--------+--------+-----+--------+

Top non-repeatable levels by time:
     D:2: 1300 daAuts
     D:1: 1124 daAuts
     D:3: 180 daAuts
